 Dungeon Crawl Stone Soup version 0.29-a0-352-g0917bc69df (webtiles) character file.

Game seed: 16205026825150626080

35 spaghetti the Charlatan (level 3, 22/28 HPs)
             Began as a Gnoll Artificer on Apr 25, 2022.
             Quit the game on level 1 of the Dungeon.
             The game lasted 00:03:42 (1192 turns).

spaghetti the Charlatan (Gnoll Artificer)           Turns: 1192, Time: 00:03:42

Health: 22/28      AC:  3    Str: 11    XL:     3   Next: 33%
Magic:  4/4        EV: 12    Int: 12    God:
Gold:   93         SH:  0    Dex: 12    Spells: 3/3 levels left

rFire   . . .      SeeInvis .   a - +3 hunting sling {sling}
rCold   . . .      Faith    .   (no shield)
rNeg    . . .      Spirit   .   h - +0 leather armour
rPois   .          Reflect  .   (no helmet)
rElec   .          Harm     .   (no cloak)
rCorr   .          Rampage  .   (no gloves)
Will    .....                   (no boots)
Stlth   ++........              (no amulet)
HPRegen 0.09/turn               (no ring)
MPRegen 0.09/turn               (no ring)

@: no status effects
A: fangs 1, strong nose, distributed training
a: no special abilities


You were on level 1 of the Dungeon.
You visited 1 branch of the dungeon, and saw 1 of its levels.

You collected 93 gold pieces.


Innate Abilities, Weirdness & Mutations

You have very sharp teeth.
Your uncanny sense of smell can sniff out nearby items.
Your experience applies equally to all skills.


   Skills:
 + Level 2.6 Fighting
 + Level 0.7 Short Blades
 + Level 0.7 Long Blades
 + Level 0.7 Axes
 + Level 0.7 Maces & Flails
 + Level 0.7 Polearms
 + Level 0.7 Staves
 + Level 0.7 Slings
 + Level 0.7 Bows
 + Level 0.7 Crossbows
 + Level 0.7 Throwing
 + Level 4.5 Armour
 + Level 2.6 Dodging
 + Level 2.3 Stealth
 + Level 0.7 Shields
 + Level 0.7 Unarmed Combat
 + Level 0.7 Spellcasting
 + Level 0.5 Conjurations
 + Level 0.5 Hexes
 + Level 0.5 Summonings
 + Level 0.5 Necromancy
 + Level 0.5 Translocations
 + Level 0.5 Transmutations
 + Level 0.5 Fire Magic
 + Level 0.5 Ice Magic
 + Level 0.5 Air Magic
 + Level 0.5 Earth Magic
 + Level 0.5 Poison Magic
 + Level 0.9 Invocations
 + Level 6.5 Evocations


You had 3 spell levels left.
You didn't know any spells.
Your spell library was empty.

Inventory:

Hand Weapons
 a - a +3 hunting sling (weapon) {sling}
   (You found it on level 1 of the Dungeon)
 b - a +2 vorpal spear {polearm}
   (You found it on level 1 of the Dungeon)
 n - a +0 club {mace}
Missiles
 g - 49 stones {throwing}
Armour
 f - a +0 plate armour
   (You found it on level 1 of the Dungeon)
 h - a +0 leather armour (worn)
Jewellery
 j - a +6 ring of strength
   (You found it on level 1 of the Dungeon)
Wands
 c - a wand of flame (15)
 d - a wand of charming (15)
 e - a wand of iceblast (9)
Scrolls
 i - 2 scrolls of magic mapping {unknown}
 k - a scroll of amnesia {unknown}
 o - a scroll of identify {unknown}
Potions
 l - a potion of brilliance {unknown}
 m - 2 potions of curing {unknown}

Dungeon Overview and Level Annotations

Branches:
Dungeon (1/15)

Altars:

#. ....... #.
...†... #. ....†..
#. .......
#.#....... #+
#....... #. #....#
#####.# #.g..+
.......... ##@..#
#......... #...#
#......... #...#
#......... #.†.#
#......... #...#
#......... #...#
#.........
##...#####..)......
#.........#########
#.........# #


You could see a hobgoblin.


Message History

You are too injured to fight recklessly!
You are too injured to fight recklessly!
You are too injured to fight recklessly!
You are too injured to fight recklessly!
You are too injured to fight recklessly!
You are too injured to fight recklessly!
You are too injured to fight recklessly!
Fire: a) +3 hunting sling {sling}
Press: ? - help, Q - select action, (/) - cycle Shift-Dir - straight line, f - kobold
Aim: a kobold, wielding a +0 dagger and quivering stones (51% to hit)
You shoot a sling bullet.
The sling bullet barely misses the kobold.
Fire: a) +3 hunting sling {sling}
Press: ? - help, Q - select action, (/) - cycle Shift-Dir - straight line, f/p - kobold
Aim: a kobold, wielding a +0 dagger and quivering stones (51% to hit)
You shoot a sling bullet.
The sling bullet barely misses the kobold.
Fire: a) +3 hunting sling {sling}
Press: ? - help, Q - select action, (/) - cycle Shift-Dir - straight line, f/p - kobold
Aim: a kobold, wielding a +0 dagger and quivering stones (51% to hit)
You shoot a sling bullet. The sling bullet hits the kobold.
You kill the kobold!
A quokka comes into view.
The quokka moves out of view.
Fire: a) +3 hunting sling {sling}
Press: ? - help, Q - select action, (/) - cycle Shift-Dir - straight line, f - you That would be overly suicidal.
Okay, then.
Unknown command.
g - 49 stones {throwing} (gained 2)
Things that are here:
a +0 dagger {short}; a kobold corpse 😎 HP[+2]
Your hp is fully restored (28).
A ball python comes into view.
The ball python hisses angrily.
A ball python is nearby!
A ball python is nearby!
A ball python is nearby!
Fire: a) +3 hunting sling {sling}
Press: ? - help, Q - select action, (/) - cycle Shift-Dir - straight line, f - ball python
Aim: a ball python (55% to hit)
You shoot a sling bullet. The sling bullet hits the ball python!
You kill the ball python!
You now have 93 gold pieces (gained 5).
A rat comes into view.
A rat is nearby!
A rat is nearby!
A rat is nearby!
A rat is nearby!
Fire: a) +3 hunting sling {sling}
Press: ? - help, Q - select action, (/) - cycle Shift-Dir - straight line, f - rat
Aim: a rat (asleep, 98% to hit)
You shoot a sling bullet. The sling bullet hits the rat.
You kill the rat!
Fire: a) +3 hunting sling {sling}
Press: ? - help, Q - select action, (/) - cycle Shift-Dir - straight line, f - you That would be overly suicidal.
Okay, then.
Unknown command.
A hobgoblin comes into view.
There are monsters nearby!
Fire: a) +3 hunting sling {sling}
Press: ? - help, Q - select action, (/) - cycle Shift-Dir - straight line, f - quokka
Aim: a quokka (wandering, hasn't noticed you, 48% to hit)
You shoot a sling bullet. The sling bullet hits the quokka.
You kill the quokka!
The hobgoblin shouts!
Fire: a) +3 hunting sling {sling}
Press: ? - help, Q - select action, (/) - cycle Shift-Dir - straight line, f - hobgoblin
Aim: a hobgoblin (59% to hit)
You shoot a sling bullet. The sling bullet hits the hobgoblin.
Fire: a) +3 hunting sling {sling}
Press: ? - help, Q - select action, (/) - cycle Shift-Dir - straight line, f/p - hobgoblin
Aim: a hobgoblin (heavily wounded, 59% to hit)
You shoot a sling bullet.
The sling bullet hits the hobgoblin but does no damage.
Fire: a) +3 hunting sling {sling}
Press: ? - help, Q - select action, (/) - cycle Shift-Dir - straight line, f/p - hobgoblin
Aim: a hobgoblin (heavily wounded, 59% to hit)
You shoot a sling bullet. The sling bullet hits the hobgoblin.
Fire: a) +3 hunting sling {sling}
Press: ? - help, Q - select action, (/) - cycle Shift-Dir - straight line, f/p - hobgoblin
Aim: a hobgoblin (severely wounded, 59% to hit)
You shoot a sling bullet.
The sling bullet closely misses the hobgoblin.
The hobgoblin hits you.
The hobgoblin closely misses you. 😕 HP[-3]
You take 3 damage, and now have 25/28 hp.
Unknown command.
The hobgoblin attacks as you move away! The hobgoblin hits you. 😕 HP[-3]
You take 3 damage, and now have 22/28 hp.
Fire: a) +3 hunting sling {sling}
Press: ? - help, Q - select action, (/) - cycle Shift-Dir - straight line, f/p - hobgoblin
Aim: a hobgoblin (severely wounded, 59% to hit)
You shoot a sling bullet.
The sling bullet closely misses the hobgoblin.
The hobgoblin misses you.
Are you sure you want to abandon this character and quit the game? (Confirm with "yes".)

Action                   || total
-------------------------++-------
Melee: Club              ||    23
       Bite              ||     2
       Spear             ||    41
 Fire: Hunting sling     ||    11
 Stab: Sleeping          ||     3
Armor: Leather armour    ||     9
Dodge: Dodged            ||    33

Levels and vault maps discovered:
D:1:      giann_wishing_wells, layout_basic, chequers_serial_rivers_room_a,
          minmay_heptomino_o4

Notes
Turn   | Place    | Note
-------+----------+-------------------------------------------
     0 | D:1      | spaghetti the Gnoll Artificer began the quest for the Orb.
     0 | D:1      | Reached XP level 1. HP: 17/17 MP: 1/1
     0 | D:1      | magus.rc [v1.9.6]
   306 | D:1      | Reached XP level 2. HP: 15/23 MP: 2/2
   777 | D:1      | Reached XP level 3. HP: 25/28 MP: 3/3
  1192 | D:1      | Quit the game

Vanquished Creatures
  3 dart slugs (D:1)
  4 endoplasms (D:1)
  6 goblins (D:1)
  A hobgoblin (D:1)
  4 kobolds (D:1)
  A quokka (D:1)
  2 ball pythons (D:1)
  A bat (D:1)
  3 frilled lizards (D:1)
  3 rats (D:1)
28 creatures vanquished.

Table legend:
 A = Non-vault XP
 B = Vault XP
 C = Vault XP percentage of total XP
 D = Non-vault monster count
 E = Vault monster count
 F = Vault count percentage of total count
                 A         B        C        D         E       F
            +---------+---------+-------+---------+---------+-------
      Total |      39 |      11 |  22.0 |      21 |       7 |  25.0
            +---------+---------+-------+---------+---------+-------
        D:1 |      39 |      11 |  22.0 |      21 |       7 |  25.0
            +---------+---------+-------+---------+---------+-------

Illustrated notes

Table legend:
 A = Kills in this place as a percentage of kills in entire the game.
 B = Kills by you in this place as a percentage of kills by you in the entire game.
 C = Kills by friends in this place as a percentage of kills by friends in the entire game.
 D = Other kills in this place as a percentage of other kills in the entire game.
 E = Experience gained in this place as a percentage of experience gained in the entire game.
 F = Experience gained in this place divided by the number of levels of this place that you have seen.
                   A       B       C       D       E      F
               +-------+-------+-------+-------+-------+----------------------
         Total | 100.0 | 100.0 |   N/A |   N/A | 100.0 |  50.0
       Dungeon | 100.0 | 100.0 |   N/A |   N/A | 100.0 |  50.0
               +-------+-------+-------+-------+-------+----------------------

Table legend: (Time is in decaauts)
 A = Elapsed time spent in this place.
 B = Non-inter-level travel time spent in this place.
 C = Inter-level travel time spent in this place.
 D = Time resting spent in this place.
 E = Time spent auto-exploring this place.
 F = Levels seen in this place.
 G = Mean time per level.
                   A        B        C        D        E       F      G
               +--------+--------+--------+--------+--------+-----+--------+
         Total |   1206 |   1206 |      0 |    183 |    825 |   1 | 1206.0 |
       Dungeon |   1206 |   1206 |      0 |    183 |    825 |   1 | 1206.0 |
               +--------+--------+--------+--------+--------+-----+--------+

Top non-repeatable levels by time:
     D:1: 1206 daAuts
